AoeStats
← Erick14mar

Arena

510367973Analyzed
2v2 RM · 2d ago on Sep 30, 2026· 58m 41s· 4 players
Game mode
Random Map
Map size
Medium (4 player)
Population
200
Speed
Normal
Resources
Standard
Victory
Conquest
Starting age
Dark Age
Ending age
Imperial Age
RankedLock teamsTeams togetherTeam positionsShared explorationLock speedFull tech treeHidden civsTurbo modeCheats
Victory
Defeat
🇩🇪 Italians · Germany
1512
+11
🇨🇿 Turks · Czechia
1310
+19
🇵🇪 Koreans · Peru
1397
-15
🇳🇱 Vietnamese · Netherlands
1388
-15
Boeny
9:58 Feudal Age
10:12 Feudal Age
11:31 Loom
14:12 Castle Age
12:21 Double-Bit Axe
12:53 Horse Collar
15:28 Bow Saw
15:20 Heavy Plow
21:01 Wheelbarrow
20:11 Town Watch
20:41 Gold Mining
21:14 Stone Mining
22:17 Hand Cart
23:49 Fletching
23:27 Crossbowman
24:22 Padded Archer Armor
24:54 Ballistics
29:46 Imperial Age
27:57 Thumb Ring
28:32 Bodkin Arrow
29:11 Leather Archer Armor
30:26 Bracer
31:15 Ring Archer Armor
31:11 Paper Money
32:21 Chemistry
30:59 Arbalester
32:29 Masonry
33:20 Hoardings
33:58 Two-Man Saw
33:29 Crop Rotation
33:16 Siege Engineers
35:42 Paper Money
35:33 Husbandry
35:55 Scale Barding Armor
36:01 Forging
36:26 Bloodlines
35:36 Light Cavalry
37:20 Bloodlines
37:32 Chain Barding Armor
37:12 Cavalier
39:58 Plate Barding Armor
41:37 Elite Skirmisher
46:51 Iron Casting
46:14 Elite Skirmisher
51:53 Imperial Skirmisher
54:13 Scale Mail Armor
54:15 Pikeman
54:55 Squires
55:21 Halberdier
56:27 Chain Mail Armor
57:40 Plate Mail Armor
Erick14mar
8:40 Feudal Age
8:39 Loom
11:49 Fletching
14:16 Horse Collar
24:58 Double-Bit Axe
27:31 Castle Age
25:31 Double-Bit Axe
26:26 Scale Barding Armor
26:35 Forging
26:46 Stone Mining
26:49 Gold Mining
29:05 Gold Shaft Mining
29:07 Stone Shaft Mining
28:44 Heavy Plow
28:56 Bow Saw
34:18 Imperial Age
32:29 Wheelbarrow
31:39 Town Watch
32:47 Bodkin Arrow
34:32 Ballistics
37:56 Bracer
37:40 Light Cavalry
38:20 Husbandry
38:43 Chain Barding Armor
40:48 Iron Casting
40:49 Scale Mail Armor
44:37 Chain Mail Armor
46:21 Two-Man Saw
45:25 Hussar
46:30 Hand Cart
46:19 Town Patrol
46:28 Elite War Wagon
48:34 Chemistry
50:19 Plate Mail Armor
51:39 Heavy Rocket Cart
55:29 Squires
55:14 Arson
55:35 Arson
56:28 Fortified Wall
56:08 Heated Shot
56:26 Eupseong
HellOnion
10:06 Feudal Age
11:30 Loom
14:30 Castle Age
13:04 Double-Bit Axe
22:28 Horse Collar
23:02 Town Watch
24:46 Wheelbarrow
26:24 Scale Barding Armor
26:42 Bloodlines
26:36 Husbandry
26:48 Forging
30:28 Imperial Age
29:02 Chain Barding Armor
32:16 Plate Barding Armor
32:40 Conscription
38:30 Masonry
40:15 Bow Saw
41:37 Heavy Plow
43:27 Iron Casting
43:48 Artillery
45:03 Hand Cart
48:03 Two-Man Saw
49:43 Heavy Camel Rider
51:50 Blast Furnace
51:14 Town Patrol
52:40 Fletching
54:21 Ballistics
55:44 Bombard Tower
55:22 Murder Holes
55:57 Architecture
56:43 Bodkin Arrow
56:48 Padded Archer Armor
56:42 Gold Mining
57:32 Treadmill Crane
encore
9:48 Feudal Age
9:40 Loom
13:09 Fletching
16:32 Castle Age
15:21 Double-Bit Axe
22:47 Wheelbarrow
22:24 Bow Saw
24:30 Horse Collar
26:03 Bodkin Arrow
26:47 Padded Archer Armor
28:52 Ballistics
28:26 Gold Mining
28:53 Bloodlines
29:38 Leather Archer Armor
30:03 Thumb Ring
31:03 Crossbowman
32:25 Hand Cart
35:16 Imperial Age
35:09 Heavy Plow
35:59 Bracer
35:20 Arbalester
37:03 Chemistry
37:31 Ring Archer Armor
38:02 Conscription
39:42 Town Watch
43:48 Town Patrol
44:52 Two-Man Saw
44:23 Crop Rotation
46:44 Hoardings
45:33 Elite Genoese Crossbowman
48:54 Stone Mining
50:01 Masonry
50:03 Fortified Wall
49:48 Murder Holes
55:12 Scale Barding Armor
55:15 Light Cavalry
56:08 Forging
57:00 Stone Shaft Mining
56:44 Husbandry
56:59 Guilds
58:12 Chain Barding Armor
58:26 Hussar
Connection lost

Rejoining the realm…

Still unreachable

The connection could not be restored.

Session expired

The server has moved on; the page needs a fresh start.